 Dungeon Crawl Stone Soup version 0.20.1-1-g8b1a95d (webtiles) character file.

658 Peloso the Covered (level 7, 48/55 HPs)
             Began as a Demonspawn Fighter on Aug 3, 2017.
             Quit the game on level 4 of the Dungeon.
             The game lasted 00:10:18 (4354 turns).

Peloso the Covered (Demonspawn Fighter)             Turns: 4354, Time: 00:10:19

Health: 48/55      AC:  8    Str: 18    XL:     7   Next: 30%
Magic:  7/7        EV:  8    Int: 10    God:
Gold:   164        SH:  0    Dex: 12    Spells: 6/6 levels left

rFire    . . .     SeeInvis .   a - +0 long sword
rCold    . . .     Gourm    .   c - +0 shield
rNeg     . . .     Faith    .   b - +0 scale mail
rPois    .         Spirit   .   (helmet restricted)
rElec    .         Reflect  .   (no cloak)
rCorr    .         Harm     .   (no gloves)
MR       .....                  s - +0 pair of boots
Stlth    ..........             (no amulet)
Regen    0.2/turn               (no ring)
MPRegen  0.1/turn               (no ring)

@: confused
A: antennae 1, nightstalker 1, spiny 1
a: no special abilities


You were on level 4 of the Dungeon.
You were not hungry.

You visited 1 branch of the dungeon, and saw 4 of its levels.

You collected 164 gold pieces.

Inventory:

Hand Weapons
 a - a +0 long sword (weapon)
 l - a +1 war axe of electrocution
Armour
 b - a +0 scale mail (worn)
 c - a +0 shield (worn)
 s - a +0 pair of boots (worn)
Wands
 j - a wand of iceblast (8/15)
Scrolls
 e - 2 scrolls of remove curse
 h - a scroll of blinking {unknown}
 k - a scroll of identify
 o - 2 scrolls of teleportation {unknown}
 r - 3 scrolls of enchant armour {unknown}
Potions
 d - a potion of might
 g - a potion of flight
 i - a potion of agility
Comestibles
 f - 3 bread rations
 n - 3 meat rations
 p - 2 chunks of flesh
 q - a fruit


   Skills:
 + Level 4.4 Fighting
 + Level 3.9 Long Blades
 + Level 4.8 Armour
 + Level 2.1 Dodging
 + Level 0.2 Stealth
 + Level 3.9 Shields


You had 6 spell levels left.
You didn't know any spells.

Dungeon Overview and Level Annotations

Branches:
Dungeon (4/15)
 Temple: D:4-7

Altars:
Cheibriados
Makhleb
Uskayaw


Innate Abilities, Weirdness & Mutations

You have a pair of small antennae on your head.
You are slightly more attuned to the shadows.
You are partially covered in sharp spines.


Message History

The iguana is struck by your spines. The iguana barely misses you.
You barely miss the iguana.
The iguana is severely wounded.
The iguana bites you!
You hit the iguana.
The iguana is almost dead.
The iguana bites you.
Your shield and scale mail prevent you from hitting the iguana.
The iguana is almost dead.
You block the iguana's attack. The iguana bites you.
You hit the iguana.
The iguana is almost dead.
The iguana is struck by your spines.
You kill the iguana!
Okay, then.
It was a potion of ambrosia.
You are confused.
You feel invigorated.
Okay, then.
Are you sure you want to abandon this character and quit the game? (Confirm with "yes".)

#..............#......#
#..............#..>...#
+..............#......#
#..............###....#
##+###.....#######....#
#.....#...........
#.....#...........
#.....#...........
#@....#.>.........
#.....#...........
#.....#...........
#.....############
#######


There were no monsters in sight!

Vanquished Creatures
  The ghost of Gelerth the Conjurer, an amateur VSCj (D:3)
  An ogre (D:4)
  A hound (D:4)
  An orc wizard (D:4)
  Jessica (D:3)
  An iguana (D:4)
  3 worker ants (D:4)
  Natasha (thrice) (D:2)
  Terence (D:2)
  Robin (D:2)
  7 adders
  2 oozes
  5 worms
  2 dart slugs
  2 leopard geckos
  8 orcs
  2 giant cockroaches (D:1)
  17 goblins
  13 hobgoblins
  8 jackals (D:1)
  A quokka (D:4)
  2 ball pythons
  8 bats
  4 frilled lizards
  9 kobolds
  5 rats
109 creatures vanquished.

Notes
Turn   | Place    | Note
-------+----------+-------------------------------------------
     0 | D:1      | Peloso the Demonspawn Fighter began the quest for the Orb.
     0 | D:1      | Reached XP level 1. HP: 18/18 MP: 1/1
   369 | D:1      | Gained mutation: You are partially covered in sharp spines. [demonic ancestry]
   369 | D:1      | Reached XP level 2. HP: 18/24 MP: 2/2
   683 | D:1      | Reached XP level 3. HP: 14/29 MP: 3/3
  1475 | D:2      | Noticed Robin
  1705 | D:2      | Reached XP level 4. HP: 33/35 MP: 4/4
  2036 | D:2      | Killed Robin
  2176 | D:2      | Found a snail-covered altar of Cheibriados.
  2214 | D:2      | Noticed Natasha
  2225 | D:2      | Killed Natasha
  2225 | D:2      | Reached skill level 1 in Dodging
  2320 | D:2      | Reached XP level 5. HP: 25/42 MP: 5/5
  2333 | D:2      | Found a burning altar of Makhleb.
  2377 | D:2      | Noticed Terence
  2388 | D:2      | Killed Terence
  2426 | D:2      | Noticed Natasha
  2434 | D:2      | Killed Natasha
  2625 | D:2      | Noticed Natasha
  2631 | D:2      | Killed Natasha
  2695 | D:3      | Noticed Gelerth's ghost (amateur VSCj)
  2840 | D:3      | Killed Gelerth's ghost
  2840 | D:3      | Gained mutation: You are slightly more attuned to the shadows. [demonic ancestry]
  2840 | D:3      | Reached XP level 6. HP: 26/48 MP: 6/6
  3262 | D:3      | Noticed Jessica
  3267 | D:3      | Killed Jessica
  3733 | D:4      | Gained mutation: You have a pair of small antennae on your head. [demonic ancestry]
  3733 | D:4      | Reached XP level 7. HP: 39/54 MP: 7/7
  4241 | D:4      | Found a hide-covered altar of Uskayaw.
  4354 | D:4      | Quit the game

Skill      XL: |  1  2  3  4  5  6 |
---------------+-------------------+-----
Armour         | 3 4 |  4.8
Long Blades    | 2 3 |  3.9
Shields        | 3 |  3.9
Dodging        | 1 2 |  2.1
Fighting       | 4 |  4.4
Stealth        | |  0.2

Action                   |  1- 3 |  4- 6 |  7- 9 || total
-------------------------+-------+-------+-------++-------
Melee: Long sword        |   111 |   139 |    44 ||   294
  Use: Potion            |       |     1 |     4 ||     5
       Scroll            |       |     7 |       ||     7
  Eat: Chunk             |     2 |     6 |     3 ||    11
Armor: Scale mail        |    91 |    51 |    12 ||   154
Dodge: Dodged            |    52 |    39 |    16 ||   107
Block: Shield            |   103 |    76 |    26 ||   205
       Rpst.: Long sword |    17 |    18 |     4 ||    39
